 Dungeon Sprint DCSS version 0.30.0-29-ga12c61a403 (webtiles) character file.

Game seed: 5046634110102582087

11500000 Revguard the Blood Saint (level 27, 0/249 HPs)
             Began as a Demonspawn Gladiator on June 7, 2023.
             Was the Champion of Makhleb.
             Killed by divine providence
             ... invoked by an accursed
              (12 damage)
             ... in the Dungeon (Sprint VIII: "Arena of Blood").
             The game lasted 00:14:31 (115 turns).

Revguard the Blood Saint (Demonspawn Gladiator)      Turns: 115, Time: 00:14:32

Health: 0/249      AC:  6    Str: 17    XL:     27
Magic:  27/54      EV: 39    Int:  9    God:    Makhleb [******]
Gold:   0          SH:  0    Dex: 27    Spells: 80/80 levels left

rFire   . . .        l - +∞ Axe of Woe
rCold   . . .        (shield currently unavailable)
rNeg    . . .        b - +0 leather armour
rPois   .            (helmet unavailable)
rElec   .            (cloak unavailable)
rCorr   .            (gloves unavailable)
SInv    +            (no boots)
Will    +++..        (no amulet)
Stlth   ++++++++++   (no ring)
HPRegen 0.61/turn    (no ring)
MPRegen 0.34/turn

%: no teleportation
@: no status effects
A: antennae 3, hurl damnation, foul stench 3, spiny 3, torment resistance 1,
demonic willpower, weakness stinger 3, demonic touch 3
a: Hurl Damnation, Renounce Religion, Minor Destruction, Lesser Servant of
Makhleb, Major Destruction, Greater Servant of Makhleb


You were in the Dungeon.
You worshipped Makhleb.
Makhleb was exalted by your worship.
You visited 1 branch

Inventory:

Hand Weapons
 a - a +0 war axe
 l - the +∞ Axe of Woe (weapon)
   (You found it in the Dungeon)
Missiles
 d - 3 throwing nets (quivered)
 e - a javelin
Armour
 b - a +0 leather armour (worn)
 c - a +0 helmet
Potions
 h - a potion of haste
 i - 2 potions of magic
 j - a potion of berserk rage


   Skills:
 O Level 27 Fighting
 O Level 27 Short Blades
 O Level 27 Long Blades
 O Level 27 Axes
 O Level 27 Maces & Flails
 O Level 27 Polearms
 O Level 27 Staves
 O Level 27 Ranged Weapons
 O Level 27 Throwing
 O Level 27 Armour
 O Level 27 Dodging
 O Level 27 Stealth
 O Level 27 Shields
 O Level 27 Unarmed Combat
 O Level 27 Spellcasting
 O Level 27 Conjurations
 O Level 27 Hexes
 O Level 27 Summonings
 O Level 27 Necromancy
 O Level 27 Translocations
 O Level 27 Transmutations
 O Level 27 Fire Magic
 O Level 27 Ice Magic
 O Level 27 Air Magic
 O Level 27 Earth Magic
 O Level 27 Poison Magic
 O Level 27 Invocations
 O Level 27 Evocations


You had 80 spell levels left.
You didn't know any spells.
Your spell library was empty.

Dungeon Overview and Level Annotations

Branches:
Dungeon (1/1)

Altars:
Makhleb


Innate Abilities, Weirdness & Mutations

You have a pair of large antennae on your head. (SInv)
You can hurl damnation.
You frequently emit foul miasma when damaged in melee.
You are completely covered in sharp spines.
You are resistant to unholy torment.
You punish those that try to bend your will. (Will+)
You have a sharp stinger which inflicts weakening toxins.
Your touch may irresistibly damage your foes and sap their willpower.


Message History

You slice the scourge!! You chop the scourge into pieces.
You kill the scourge!
Makhleb accepts your kill.
You slice the bag of meat!!
You fatally mangle the bag of meat.
You blow up the bag of meat!
Makhleb accepts your kill.
You feel better.
You slash the bag of meat!
You fatally mangle the bag of meat.
You blow up the bag of meat!
Makhleb accepts your kill.
You feel better.
You feel very sick.
The tyrant gestures wildly while chanting.
You hear a shout!
The dread calls on the powers of darkness!
The scourge convulses!
The bag of meat convulses! x2
The eight-headed meat hydra convulses!
The bag of meat convulses! x2
Your body is wracked with pain!
* * * LOW HITPOINT WARNING * * *
The bag of meat convulses!
The accursed points at you and mumbles some strange words.
Something smites you!
* * * LOW HITPOINT WARNING * * *
You hear a shout!
The dread calls on the powers of darkness!
The bag of meat convulses!
Your body is wracked with pain!
* * * LOW HITPOINT WARNING * * *
The bag of meat convulses! x2; The scourge convulses!
The bag of meat convulses!
The accursed points at you and mumbles some strange words.
Something smites you!
* * * LOW HITPOINT WARNING * * *
You hear two shouts!
You hear an angry hiss.
Okay, then.
You feel better.
You hear a shout! x2
The accursed points at you and mumbles some strange words.
Something smites you!
* * * LOW HITPOINT WARNING * * *
The accursed casts a spell at you. Something smites you!
You die...

......... ....
#.......# .#... #.W
.o..# {{.. .o...###.O
...###...
...M......###).......
..#....M...{)))......
#....W..#O.)))#......
.....)))#_{<)_#......
#.....o@#.)☼)°.......
..#..M)o)WM_)).......
.....M..oD###).......
.....###...X§..##....
..... #WXS...§# X..
.... #oL.....# . ...
{oX...... .#. {{
MX.......o{ ....


You could see 6 accurseds, a tentacled monstrosity (summoned), a tyrant (fast),
an eight-headed meat hydra, a scourge, 3 large abominations, 3 dreads, a meat
berserker (berserk), a wretched soul (invisible) and 6 bags of meat.

Vanquished Creatures
  9 hell beasts (D)
  Edmund (D)
  3 royal mummies (D)
  3 great orbs of eyes (D)
  2 wraiths (D)
  8 vampire knights (D)
  36 ogres (D)
  8 two-headed ogres (D)
  5 liches (D)
  2 hydras (D)
  2 phantoms (D)
  67 orcs (D)
  5 skeletal warriors (D)
  A sea snake (D)
152 creatures vanquished.

Vanquished Creatures (others)
  An ogre (D)
1 creature vanquished.

Grand Total: 153 creatures vanquished

Notes
Turn   | Place    | Note
-------+----------+-------------------------------------------
     0 | D        | Found the +∞ Axe of Woe
     0 | D        | Revguard the Demonspawn Gladiator began the quest for the
                  | Orb.
     0 | D        | Reached XP level 1. HP: 16/16 MP: 1/1
     2 | D        | Noticed a bag of meat
     3 | D        | Became a worshipper of Makhleb the Destroyer
     5 | D        | Noticed a bag of meat
     5 | D        | Noticed a bag of meat
     6 | D        | Noticed a meat berserker
     7 | D        | Killed a bag of meat
     7 | D        | Noticed a bag of meat
     7 | D        | Noticed a meat berserker
     7 | D        | Noticed a meat berserker
     7 | D        | Noticed a meat berserker
     8 | D        | Reached skill level 10 in Fighting
     8 | D        | Reached skill level 10 in Evocations
     8 | D        | Gained mutation: You may rarely emit foul miasma when
                  | damaged in melee. [demonic ancestry]
     8 | D        | Reached XP level 2. HP: 36/36 MP: 1/12
     8 | D        | Discovered your monstrous ancestry.
     8 | D        | Gained mutation: You have a pair of small antennae on your
                  | head. [demonic ancestry]
     8 | D        | Reached XP level 3. HP: 42/42 MP: 1/13
     8 | D        | Reached XP level 4. HP: 48/48 MP: 1/15
     8 | D        | Gained mutation: You have a small tail. [demonic ancestry]
     8 | D        | Reached XP level 5. HP: 54/54 MP: 1/16
     8 | D        | Gained mutation: You are partially covered in sharp spines.
                  | [demonic ancestry]
     8 | D        | Reached XP level 6. HP: 61/61 MP: 1/18
     8 | D        | Reached XP level 7. HP: 67/67 MP: 1/19
     8 | D        | Gained mutation: You are mostly covered in sharp spines.
                  | [demonic ancestry]
     8 | D        | Reached XP level 8. HP: 73/73 MP: 1/21
     8 | D        | Gained mutation: You have a tail ending in a sharp stinger.
                  | [demonic ancestry]
     8 | D        | Reached XP level 9. HP: 79/79 MP: 1/22
     8 | D        | Gained mutation: You have a sharp stinger which inflicts
                  | weakening toxins. [demonic ancestry]
     8 | D        | Reached XP level 10. HP: 86/86 MP: 1/23
     8 | D        | Noticed a bag of meat
     9 | D        | Noticed a meat berserker
    11 | D        | Killed a meat berserker
    11 | D        | Reached * piety under Makhleb
    11 | D        | Killed a meat berserker
    11 | D        | Noticed a bag of meat
    12 | D        | Gained mutation: You have a pair of antennae on your head.
                  | [demonic ancestry]
    12 | D        | Reached XP level 11. HP: 101/101 MP: 1/28
    12 | D        | Gained mutation: You sometimes emit foul miasma when
                  | damaged in melee. [demonic ancestry]
    12 | D        | Reached XP level 12. HP: 108/108 MP: 1/29
    12 | D        | Gained mutation: You are completely covered in sharp
                  | spines. [demonic ancestry]
    12 | D        | Reached XP level 13. HP: 114/114 MP: 1/30
    12 | D        | Killed a meat berserker
    12 | D        | Killed a meat berserker
    12 | D        | Reached ** piety under Makhleb
    12 | D        | Killed a bag of meat
    13 | D        | Reached skill level 15 in Axes
    13 | D        | Reached skill level 15 in Armour
    13 | D        | Reached skill level 15 in Dodging
    13 | D        | Reached skill level 15 in Spellcasting
    13 | D        | Reached XP level 14. HP: 128/128 MP: 2/33
    13 | D        | Noticed a bag of meat
    14 | D        | Killed a meat berserker
    14 | D        | Killed a bag of meat
    14 | D        | Reached *** piety under Makhleb
    15 | D        | Gained mutation: You frequently emit foul miasma when
                  | damaged in melee. [demonic ancestry]
    15 | D        | Reached XP level 15. HP: 135/136 MP: 2/35
    17 | D        | Noticed a meat berserker
    19 | D        | Reached **** piety under Makhleb
    20 | D        | Reached XP level 16. HP: 147/147 MP: 3/37
    22 | D        | Killed a meat berserker
    22 | D        | Reached ***** piety under Makhleb
    23 | D        | Noticed a large bag of meat
    24 | D        | Noticed a large bag of meat
    25 | D        | Noticed a meat berserker
    26 | D        | Noticed a meat berserker
    29 | D        | Reached skill level 27 in Invocations
    29 | D        | Reached XP level 17. HP: 151/160 MP: 6/40
    29 | D        | Noticed a large bag of meat
    30 | D        | Killed a meat berserker
    30 | D        | Killed a meat berserker
    32 | D        | Noticed a large bag of meat
    33 | D        | Reached XP level 18. HP: 173/173 MP: 7/44
    33 | D        | Noticed a destroyer
    34 | D        | Killed a large bag of meat
    34 | D        | Noticed a meat berserker
    35 | D        | Killed a large bag of meat
    35 | D        | Noticed a meat berserker
    36 | D        | Killed a large bag of meat
    37 | D        | Noticed a sculptor of flesh
    37 | D        | Killed a large bag of meat
    37 | D        | Noticed a meat berserker
    38 | D        | Gained mutation: You have a pair of large antennae on your
                  | head. (SInv) [demonic ancestry]
    38 | D        | Reached XP level 19. HP: 133/188 MP: 8/47
    39 | D        | Killed a meat berserker
    39 | D        | Noticed a meat berserker
    39 | D        | Noticed a meat berserker
    40 | D        | Reached skill level 27 in Fighting
    40 | D        | Reached skill level 27 in Evocations
    40 | D        | Reached ****** piety under Makhleb
    40 | D        | Killed a meat berserker
    41 | D        | Killed a meat berserker
    42 | D        | Reached skill level 27 in Axes
    42 | D        | Reached skill level 27 in Armour
    42 | D        | Reached skill level 27 in Dodging
    42 | D        | Reached skill level 27 in Spellcasting
    42 | D        | Reached skill level 5 in Maces & Flails
    42 | D        | Reached skill level 5 in Polearms
    42 | D        | Reached skill level 5 in Unarmed Combat
    43 | D        | Noticed a large bag of meat
    43 | D        | Noticed a meat berserker
    44 | D        | Killed a meat berserker
    44 | D        | Noticed a destroyer
    45 | D        | Reached skill level 10 in Maces & Flails
    45 | D        | Reached skill level 10 in Polearms
    45 | D        | Reached skill level 10 in Unarmed Combat
    45 | D        | Gained mutation: Your touch may inflict minor irresistible
                  | damage on your foes. [demonic ancestry]
    45 | D        | Reached XP level 20. HP: 197/197 MP: 9/51
    45 | D        | Killed a meat berserker
    45 | D        | Killed a destroyer
    46 | D        | Reached skill level 15 in Maces & Flails
    46 | D        | Reached skill level 15 in Polearms
    46 | D        | Reached skill level 15 in Unarmed Combat
    46 | D        | Killed a large bag of meat
    47 | D        | Noticed an accursed
    48 | D        | Killed a destroyer
    49 | D        | Reached XP level 21. HP: 188/204 MP: 10/52
    52 | D        | Noticed a tyrant
    53 | D        | Noticed a tyrant
    55 | D        | Noticed a destroyer
    56 | D        | Gained mutation: Your touch may inflict irresistible damage
                  | on your foes. [demonic ancestry]
    56 | D        | Reached XP level 22. HP: 212/212 MP: 12/53
    56 | D        | Noticed a tyrant
    56 | D        | Noticed a large bag of meat
    59 | D        | Reached skill level 27 in Stealth
    59 | D        | Noticed a large bag of meat
    60 | D        | Noticed a meat beast
    63 | D        | Reached skill level 27 in Maces & Flails
    63 | D        | Reached skill level 27 in Polearms
    63 | D        | Reached skill level 27 in Unarmed Combat
    64 | D        | Reached skill level 5 in Short Blades
    64 | D        | Reached skill level 5 in Long Blades
    64 | D        | Reached skill level 5 in Staves
    64 | D        | Reached skill level 5 in Ranged Weapons
    64 | D        | Reached skill level 5 in Shields
    64 | D        | Reached skill level 5 in Translocations
    64 | D        | Reached skill level 5 in Fire Magic
    64 | D        | Reached skill level 5 in Ice Magic
    64 | D        | Reached skill level 5 in Air Magic
    64 | D        | Reached skill level 5 in Earth Magic
    65 | D        | Killed a meat beast
    65 | D        | Noticed a destroyer
    65 | D        | Noticed an accursed
    66 | D        | Reached skill level 10 in Necromancy
    66 | D        | Gained mutation: Your touch may irresistibly damage your
                  | foes and sap their willpower. [demonic ancestry]
    66 | D        | Reached XP level 23. HP: 173/219 MP: 15/54
    67 | D        | Noticed a destroyer
    67 | D        | Killed an accursed
    68 | D        | Reached skill level 10 in Short Blades
    68 | D        | Reached skill level 10 in Long Blades
    68 | D        | Reached skill level 10 in Staves
    68 | D        | Reached skill level 10 in Ranged Weapons
    68 | D        | Reached skill level 10 in Shields
    68 | D        | Reached skill level 10 in Translocations
    68 | D        | Reached skill level 10 in Fire Magic
    68 | D        | Reached skill level 10 in Ice Magic
    68 | D        | Reached skill level 10 in Air Magic
    68 | D        | Reached skill level 10 in Earth Magic
    68 | D        | Killed a large bag of meat
    69 | D        | Gained mutation: You punish those that try to bend your
                  | will. (Will+) [demonic ancestry]
    69 | D        | Reached XP level 24. HP: 168/227 MP: 16/54
    69 | D        | Killed a destroyer
    71 | D        | Reached skill level 15 in Necromancy
    71 | D        | Killed an accursed
    72 | D        | Reached skill level 15 in Short Blades
    72 | D        | Reached skill level 15 in Throwing
    72 | D        | Reached skill level 15 in Shields
    72 | D        | Reached skill level 15 in Transmutations
    72 | D        | Reached skill level 15 in Fire Magic
    72 | D        | Reached skill level 15 in Air Magic
    72 | D        | Reached skill level 15 in Earth Magic
    72 | D        | Reached XP level 25. HP: 205/234 MP: 16/54
    73 | D        | Reached skill level 15 in Long Blades
    73 | D        | Reached skill level 15 in Staves
    73 | D        | Reached skill level 15 in Ranged Weapons
    73 | D        | Reached skill level 15 in Translocations
    73 | D        | Reached skill level 15 in Ice Magic
    73 | D        | Killed a destroyer
    74 | D        | Killed a destroyer
    78 | D        | Gained mutation: You are resistant to unholy torment.
                  | [demonic ancestry]
    78 | D        | Reached XP level 26. HP: 242/242 MP: 18/54
    79 | D        | Noticed a meat beast
    81 | D        | Killed a tyrant
    81 | D        | Killed a meat beast
    83 | D        | Noticed an accursed
    84 | D        | Killed a large bag of meat
    85 | D        | Gained mutation: You can hurl damnation. [demonic ancestry]
    85 | D        | Reached XP level 27. HP: 167/249 MP: 19/54
    85 | D        | Noticed a meat beast
    88 | D        | Killed a meat beast
    89 | D        | Noticed a destroyer
    91 | D        | Killed a tyrant
    91 | D        | Noticed a tyrant
    92 | D        | Noticed a meat beast
    92 | D        | Noticed an accursed
    95 | D        | Killed a destroyer
    96 | D        | Noticed a large bag of meat
    96 | D        | Noticed a dread
    96 | D        | Noticed a destroyer
    96 | D        | Noticed a dread
    96 | D        | Noticed a destroyer
    96 | D        | Noticed an accursed
    96 | D        | Noticed a meat beast
    98 | D        | Killed an accursed
    99 | D        | Reached skill level 27 in Necromancy
    99 | D        | Noticed The Defiler
   100 | D        | Noticed a meat beast
   101 | D        | Noticed a tyrant
   101 | D        | Noticed an accursed
   101 | D        | Noticed a meat beast
   102 | D        | Killed a meat beast
   102 | D        | Killed a large bag of meat
   103 | D        | Noticed a meat beast
   103 | D        | Noticed a meat beast
   104 | D        | Killed a destroyer
   104 | D        | Killed a meat beast
   105 | D        | Reached skill level 27 in Conjurations
   105 | D        | Reached skill level 27 in Hexes
   105 | D        | Reached skill level 27 in Summonings
   105 | D        | Reached skill level 27 in Poison Magic
   105 | D        | Killed a meat beast
   105 | D        | Killed a meat beast
   106 | D        | Reached skill level 27 in Short Blades
   106 | D        | Reached skill level 27 in Long Blades
   106 | D        | Reached skill level 27 in Staves
   106 | D        | Reached skill level 27 in Ranged Weapons
   106 | D        | Reached skill level 27 in Throwing
   106 | D        | Reached skill level 27 in Shields
   106 | D        | Reached skill level 27 in Translocations
   106 | D        | Reached skill level 27 in Transmutations
   106 | D        | Reached skill level 27 in Fire Magic
   106 | D        | Reached skill level 27 in Ice Magic
   106 | D        | Reached skill level 27 in Air Magic
   106 | D        | Reached skill level 27 in Earth Magic
   106 | D        | Killed a destroyer
   106 | D        | Noticed a dread
   107 | D        | Killed a dread
   107 | D        | Killed a tyrant
   107 | D        | Noticed a tyrant
   107 | D        | Noticed an accursed
   108 | D        | Noticed a dread
   108 | D        | Killed The Defiler
   108 | D        | Killed a meat beast
   109 | D        | Killed a meat beast
   110 | D        | Killed a tyrant
   110 | D        | Killed a dread
   111 | D        | Killed a tyrant
   111 | D        | Noticed an accursed
   111 | D        | Noticed an accursed
   113 | D        | Noticed a dread
   113 | D        | HP: 11/249 [accursed/divine providence (10)]
   115 | D        | Killed from afar by an accursed

Illustrated notes

Levels and vault maps discovered:
D:        meatsprint

Skill      XL: |  1  2  3  4  5  6  7  8  9 10 11 12 13 14 15 16 17 18 19 20 21 22 23 24 25 26 27 |
---------------+----------------------------------------------------------------------------------+-----
Fighting       | 10 14 17 18 19 21 24 26 27 | 27.0
Axes           | 9 13 15 17 18 20 22 24 27 | 27.0
Armour         | 9 13 15 16 17 19 22 24 27 | 27.0
Dodging        | 9 13 15 16 18 20 22 24 27 | 27.0
Spellcasting   | 9 13 15 16 17 19 22 24 27 | 27.0
Invocations    | 13 18 21 22 24 27 | 27.0
Evocations     | 10 14 16 18 19 21 23 26 27 | 27.0
Maces & Flails | 10 20 24 27 | 27.0
Polearms       | 10 20 24 27 | 27.0
Stealth        | 11 21 26 27 | 27.0
Unarmed Combat | 10 20 24 27 | 27.0
Short Blades   | 8 12 15 17 20 27 | 27.0
Long Blades    | 8 11 14 17 20 27 | 27.0
Staves         | 9 12 14 17 20 27 | 27.0
Ranged Weapons | 9 11 14 17 20 27 | 27.0
Throwing       | 9 12 15 17 20 27 | 27.0
Shields        | 9 12 15 17 20 27 | 27.0
Conjurations   | 9 13 16 18 21 27 | 27.0
Hexes          | 9 13 16 19 21 27 | 27.0
Summonings     | 9 13 16 19 21 27 | 27.0
Necromancy     | 10 14 17 20 23 27 | 27.0
Translocations | 8 11 14 17 20 27 | 27.0
Transmutations | 9 12 15 17 20 27 | 27.0
Fire Magic     | 9 12 15 17 20 27 | 27.0
Ice Magic      | 9 11 14 17 20 27 | 27.0
Air Magic      | 9 12 15 17 20 27 | 27.0
Earth Magic    | 9 12 15 17 20 27 | 27.0
Poison Magic   | 9 13 16 18 21 27 | 27.0

Action                     |  1- 3 |  4- 6 |  7- 9 | 10-12 | 13-15 | 16-18 | 19-21 | 22-24 | 25-27 || total
---------------------------+-------+-------+-------+-------+-------+-------+-------+-------+-------++-------
  Melee: Executioner's axe |     1 |       |       |     1 |     5 |    11 |    14 |    12 |    37 ||    81
 Invoke: Greater Servant o |       |       |       |       |       |     2 |       |     2 |     1 ||     5
Ability: Hurl Damnation    |       |       |       |       |       |       |       |       |     2 ||     2
    Use: Potion            |       |       |       |       |       |       |       |       |     2 ||     2
         Scroll            |       |       |       |       |       |       |       |       |     1 ||     1
   Stab: Distracted        |       |       |       |       |       |       |       |     1 |       ||     1
 Armour: Leather armour    |       |       |       |       |       |       |       |       |     1 ||     1
  Dodge: Dodged            |       |       |       |     1 |       |       |       |     3 |     7 ||    11
